Zazza, neutral female human Tourist ----- ------- ------ --- --.|.-- |..--.| |.|..-- --.----- |.....---- ---.....----.....| |....|.| ---- ---- --.......--|...............-- |......| |..| |..| --.........|......---------- ----- ---....| ---- ---..| |..----|......!...|-.--...---- |.|.-- --..--| |..| |....---- ---...--....|.....|---|-...|.--- |....| |.....| ---..| ---.--....| |........---...-| |...^....| --...| ---..--.---...-- |....---..-- ----........|......| --........--- ---.--- |....||.....--- |.....||...| |>|.....---.|.-.-..---|...........-- |...| ---.--.|---...| |<....|--.-- |.......--|.........h.|....G.......|---.--- |...||.| |..-| --.....| |.| --.......--........@.........G.....--...------.---|.| |...| |.....-- |.----|..................G......G...................| |.| --.-- |....-- |....---..----.|..........---.-----................----|.| --- ---.--- ---............|.....|h|..| --- |............G......||.|--- --...| --.----------|....---|..| ---.................||.|..| |..--- --- |....| ---- --...............--|.|..| |...| --..-- ---............-- |...-- --.-- ---- ---.|.|.--.--- |..-- --- ---------- ---- Zazza the Rambler Experience level: 2 Strength: 10 Dexterity: 11 Constitution: 12 Intelligence: 15 Wisdom: 9 Charisma: 18 Health: 0(25) Energy: 8(8) Def: 0 Gold: 1619 Moves: 2036 Dungeon seed: emziwD9mFnfy9gDm Game ID: Zazza_1618847864 Your Inventory: Coins $ - 1619 gold pieces Weapons a - 25 +2 darts (in quiver) N - 13 +0 darts S - a +1 arrow U - a cursed -2 crossbow V - 12 cursed -1 crossbow bolts W - 4 +0 daggers (wielded) Armor e - an uncursed +0 Hawaiian shirt (being worn) z - an uncursed +0 dwarvish cloak Z - an uncursed +0 pair of iron shoes Comestibles b - an uncursed lembas wafer c - an uncursed food ration d - an uncursed tin of newt meat f - 2 uncursed tripe rations g - 3 uncursed eggs h - 2 uncursed carrots v - an uncursed food ration O - an uncursed apple Scrolls m - 2 uncursed scrolls of magic mapping C - an uncursed scroll of light E - an uncursed scroll of teleportation F - a cursed scroll of light G - an uncursed scroll of enchant armor I - an uncursed scroll of earth K - an uncursed scroll of identify Y - a blessed scroll of remove curse Spellbooks J - an uncursed spellbook of drain life Potions w - an uncursed potion of paralysis L - an uncursed potion of object detection P - a cursed potion of blindness Rings j - a cursed ring of hunger H - an uncursed ring of searching (on left hand) Wands x - a wand of speed monster (0:3) M - a wand of slow monster (0:5) X - a wand of digging (0:7) Tools n - an expensive camera (0:38) o - an uncursed credit card p - an uncursed tin opener t - an uncursed towel u - an uncursed oil lamp (0:713) A - a blessed brass lantern (0:1208) Q - 10 uncursed tallow candles (0:200) R - an uncursed credit card T - an uncursed blindfold Gems q - an uncursed fluorite stone r - an uncursed obsidian stone y - 2 uncursed worthless pieces of yellowish brown glass Spells and supernatural/magical abilities: Name Level Category Fail Memory W - pray for help -- divine ? -- Your skills at the end: Fighting Skills Weapon Skills dart [Basic] Spellcasting Skills Final Attributes: You were nominally aligned. You had automatic searching. You were fast. You are dead. Vanquished creatures: a small mimic a gnome lord a gnomish wizard 3 dwarves a hobbit 2 giant rats 12 gnomes 3 jackals 3 foxes a kobold 3 goblins 3 sewer rats 4 grid bugs 5 newts 43 creatures vanquished. Voluntary challenges: You never hit with a wielded weapon. You read items or engraved 8 times, starting on turn 329. You never genocided any monsters. You never polymorphed an object. You never changed form. You used no wishes. You never split a pudding. You wrote Elbereth's name 6 times, starting on turn 329. You never violated your personal moral code. Dungeon overview: The Dungeons of Doom: levels 1 to 3 Level 1 a fountain a long staircase Level 2 a general store, some fountains stairs to The Gnomish Mines Level 3 The Gnomish Mines: levels 3 to 5 Level 3 stairs to The Dungeons of Doom Level 4 Level 5 <- You were here History has recorded: On T:1 you entered the Dungeons of Doom to retrieve the Amulet of Yendor! On T:385 you reached level 2 of The Dungeons of Doom. On T:1121 you advanced to experience level 2. On T:1190 you reached level 3 of The Dungeons of Doom. On T:1212 you reached level 1 of The Gnomish Mines. On T:1832 you reached level 2 of The Gnomish Mines. On T:2016 you reached level 3 of The Gnomish Mines. Score breakdown: Gold: 757 ( 9795 points) Experience: 2 levels ( 5570 points) Exploration: 5 levels ( 9.80%) ( 8485 points) Discoveries: 13 items ( 4.36%) ( 6265 points) Valuables value: (no points given unless you survive) Artifact value: 0 ( 0 points) Variety of kills: 14 monsters ( 3.67%) ( 5750 points) Turncount: 2036 turns ( -27 points) Survival: died (score multiplied by 80%) Total score: 28670 Latest messages: The gnome picks up a gem. You hear a distant squeak. The gnome wields a bow! j - an iron ring. The gnome shoots an arrow! You are hit by an arrow! The gnome wields a crossbow! The crossbow welds itself to the gnome's hand! The gnome hits! As you read the scroll, it disappears. A map coalesces in your mind! The gnome drinks a dark green potion! The gnome seems more experienced. A board beneath the dwarf squeaks loudly. The gnome hits! The gnome wields a crossbow! The dwarf wields a pick-axe! The gnome lord wields a thonged club! The dwarf swings his pick-axe. The dwarf hits! The gnome lord swings his thonged club. The gnome lord hits! You die... Final status: Aloha Zazza the Tourist, killed by a gnome lord... You died in The Gnomish Mines on dungeon level 5 with 28670 points, and 1619 pieces of gold, after 2036 moves. You were level 2 with a maximum of 25 hit points when you died.